AoeStats
← _ThienLong_

Arabian Desert

510497518Analyzed
1v1 RM · 14h ago on Oct 1, 2026· 29m 31s· 2 players
Game mode
Random Map
Map size
Tiny (2 player)
Population
200
Speed
Normal
Resources
Standard
Victory
Conquest
Starting age
Dark Age
Ending age
Imperial Age
RankedLock teamsTeams togetherTeam positionsShared explorationLock speedFull tech treeHidden civsTurbo modeCheats
Victory
Defeat
🇻🇳 Franks · Vietnam
1082
+14
🇪🇸 Italians · Spain
1047
-14
PiBeeRaSo
0:33 Loom
10:11 Feudal Age
11:15 Loom
17:01 Castle Age
15:22 Double-Bit Axe
17:10 Fletching
17:53 Padded Archer Armor
19:04 Scale Mail Armor
20:41 Arson
21:30 Squires
25:16 Chain Mail Armor
25:17 Pikeman
26:14 Town Watch
_ThienLong_
7:56 Loom
10:43 Feudal Age
11:58 Double-Bit Axe
15:08 Scale Barding Armor
16:50 Forging
21:22 Castle Age
21:49 Gold Mining
22:39 Husbandry
22:50 Husbandry
23:25 Chain Barding Armor
25:34 Iron Casting
26:46 Wheelbarrow
Connection lost

Rejoining the realm…

Still unreachable

The connection could not be restored.

Session expired

The server has moved on; the page needs a fresh start.